 Dungeon Crawl Stone Soup version 0.23-a0-183-gf37f6fb (webtiles) character file.

695 epen the Cutter (level 7, -4/42 HPs)
             Began as a Deep Elf Monk on Sept 22, 2018.
             Shot with an arrow by a centaur (10 damage)
             ... on level 5 of the Dungeon.
             The game lasted 00:08:56 (5599 turns).

epen the Cutter (Deep Elf Monk)                     Turns: 5599, Time: 00:08:56

Health: -4/42      AC:  5    Str:  6    XL:     7   Next: 37%
Magic:  3/3        EV: 16    Int: 17    God:
Gold:   241        SH:  0    Dex: 21    Spells: 6/6 levels left

rFire    . . .     SeeInvis +   g - +5 spear of Disaster {antimagic, Str-4 Int+2 SInv}
rCold    + . .     Gourm    .   (no shield)
rNeg     . . .     Faith    .   b - +0 robe
rPois    .         Spirit   .   (helmet restricted)
rElec    .         Reflect  .   (no cloak)
rCorr    .         Harm     .   o - +0 pair of gloves
MR       .....                  k - +1 pair of boots
Stlth    ++........             (no amulet)
HPRegen  0.14/turn              e - +4 ring of dexterity
MPRegen  0.08/turn              (no ring)

@: no status effects
A: antennae 1, cold resistance 1
a: no special abilities


You were on level 5 of the Dungeon.
You were hungry.

You visited 1 branch of the dungeon, and saw 5 of its levels.

You collected 241 gold pieces.

Inventory:

Hand Weapons
 a - a +0 short sword
 g - the +5 spear of Disaster (weapon) {antimagic, Str-4 Int+2 SInv}
   (You found it on level 4 of the Dungeon)

   It reduces the magical energy of the wielder, and disrupts the spells and
   magical abilities of those hit.
   Natural abilities and divine invocations are not affected.
   It affects your strength (-4).
   It affects your intelligence (+2).
   It lets you see invisible.
 i - a +0 dagger of protection
Armour
 b - a +0 robe (worn)
 k - a +1 pair of boots (worn)
 o - a +0 pair of gloves (worn)
Jewellery
 e - a +4 ring of dexterity (left hand)
Wands
 l - a wand of acid (18)
Scrolls
 d - 3 scrolls of identify
 f - a scroll of teleportation
 j - 3 scrolls of remove curse
Potions
 h - a potion of curing
 m - a potion of brilliance {unknown}
Comestibles
 c - 12 rations


   Skills:
 + Level 3.8 Fighting
 * Level 5.9 Short Blades
 + Level 2.7 Armour
 + Level 5.6 Dodging
 - Level 2.4 Stealth


You had 6 spell levels left.
You didn't know any spells.
Your spell library was empty.

Dungeon Overview and Level Annotations

Branches:
Dungeon (5/15)
 Temple: D:4-7

Altars:
Elyvilon
Gozag
Okawaru
Vehumet

Annotations:
D:1 Terence


Innate Abilities, Weirdness & Mutations

You have a pair of small antennae on your head.
Your flesh is cold resistant. (rC+)


Message History

Press: ? - help, Dir - move target cursor, f - worker ant
Aim: a worker ant You reach to attack!
You hit the worker ant.
The worker ant is moderately wounded.
The centaur shoots an arrow.
The arrow hits you!
The centaur shoots an arrow.
The arrow hits you!
* * * LOW HITPOINT WARNING * * *
The centaur shoots an arrow.
The arrow hits you!
* * * LOW HITPOINT WARNING * * *
You see here 2 arrows.
The worker ant barely misses you. x2
The worker ant bites you.
* * * LOW HITPOINT WARNING * * *
You feel better. The worker ant bites you.
* * * LOW HITPOINT WARNING * * *
You feel extremely strange.
You feel genetically unstable.
You feel resistant to cold. A pair of antennae grows on your head!
The centaur shoots an arrow.
The arrow hits you!
You die...

......................
..............(....#
.............(...#...#
############(.#### #
#.Z.# .# #.#.###.#
#....##.# ###ca##.#
#..@..# #.##..# ###
#..#..# #.# #.....#
#######.## ######
#####..##.# #.........
.....### #......##.###
#.####.#.# .....+.#
#.####..#...###.#......#
.....#.###.#
##.........#.......
####.#....)#
#...#.......##...#


You could see a centaur, a worker ant and an adder skeleton.

Vanquished Creatures
  2 ogres (D:4)
  A centaur (D:5)
  A scorpion (D:4)
  A hound (D:4)
  A jelly (D:4)
  A bullfrog skeleton (D:4)
  2 worker ants (D:4)
  Natasha (twice) (D:4)
  A killer bee zombie (D:5)
  A worker ant zombie (D:5)
  3 gnolls (D:4)
  5 adders
  A shadow imp (D:5)
  4 oozes
  An adder skeleton (D:5)
  A dart slug (D:3)
  4 leopard geckos
  3 orcs
  4 giant cockroaches
  8 goblins
  4 hobgoblins
  4 jackals (D:3)
  3 quokkas
  9 bats
  6 frilled lizards
  7 kobolds
  8 rats
88 creatures vanquished.

Notes
Turn   | Place    | Note
-------+----------+-------------------------------------------
     0 | D:1      | epen the Deep Elf Monk began the quest for the Orb.
     0 | D:1      | Reached XP level 1. HP: 13/13 MP: 3/3
   457 | D:1      | Reached XP level 2. HP: 18/18 MP: 4/4
   527 | D:1      | You fall through a shaft!
   527 | D:2      | Noticed Terence
   938 | D:1      | Reached XP level 3. HP: 21/22 MP: 5/5
  1087 | D:1      | Gained mutation: You are somewhat resistant to further
                  | mutation. [potion of mutation]
  1929 | D:2      | Reached skill level 1 in Armour
  3011 | D:3      | Reached XP level 4. HP: 26/27 MP: 6/6
  3049 | D:3      | Found an iron altar of Okawaru.
  3882 | D:4      | Reached XP level 5. HP: 32/32 MP: 7/7
  3886 | D:4      | Noticed an ogre
  3888 | D:4      | Killed an ogre
  4273 | D:4      | Reached XP level 6. HP: 37/37 MP: 8/8
  4324 | D:4      | Reached skill level 5 in Short Blades
  4324 | D:4      | Reached skill level 5 in Dodging
  4546 | D:4      | Got a translucent spear
  4550 | D:4      | Identified the +5 spear of Disaster {antimagic, Str-4 Int+2
                  | SInv} (You found it on level 4 of the Dungeon)
  4588 | D:4      | Found a white marble altar of Elyvilon.
  4590 | D:4      | Found a radiant altar of Vehumet.
  4592 | D:4      | Found an opulent altar of Gozag.
  4604 | D:4      | Noticed Natasha
  4617 | D:4      | Killed Natasha
  5001 | D:5      | Entered Level 5 of the Dungeon
  5030 | D:5      | Reached XP level 7. HP: 40/42 MP: 3/9
  5423 | D:4      | Noticed Natasha
  5429 | D:4      | Killed Natasha
  5591 | D:5      | HP: 2/42 [centaur/arrow (10)]
  5597 | D:5      | HP: 2/42 [worker ant (1)]
  5599 | D:5      | Lost mutation: You are somewhat resistant to further
                  | mutation. [potion of mutation]
  5599 | D:5      | Gained mutation: Your flesh is cold resistant. (rC+)
                  | [potion of mutation]
  5599 | D:5      | Gained mutation: You have a pair of small antennae on your
                  | head. [potion of mutation]
  5599 | D:5      | Shot with an arrow by a centaur

Vault maps used:
D:1:      grunt_arrival_lava_bath, minmay_stone_trees_small, minmay_pentomino_q2
D:2:      first_ration, hangedman_decor_push, uniq_terence
D:3:      kennysheep_okawaru_gauntlet
D:4:      gammafunk_temple_overflow_forgotten, minmay_vboxes, uniq_natasha
D:5:      minmay_temple_entry_mist, hangedman_abyss_or_decor_stabs

Skill      XL: |  1  2  3  4  5  6 |
---------------+-------------------+-----
Dodging        | 4 5 |  5.6
Armour         | 1 2 |  2.7
Short Blades   | 4 5 |  5.9
Fighting       | 3 |  3.8
Stealth        | |  2.4

Action                   |  1- 3 |  4- 6 |  7- 9 || total
-------------------------+-------+-------+-------++-------
Melee: Short sword       |   228 |    40 |       ||   268
       Dagger            |       |   196 |       ||   196
       Spear             |       |    44 |    57 ||   101
  Use: Scroll            |     7 |     4 |       ||    11
       Potion            |     4 |     1 |     2 ||     7
 Stab: Sleeping          |     8 |     9 |     2 ||    19
       Distracted        |     1 |       |       ||     1
  Eat: Chunk             |     3 |     4 |     1 ||     8
       Ration            |     1 |     1 |       ||     2
Armor: Robe              |    53 |    59 |    15 ||   127
Dodge: Dodged            |   171 |   173 |    61 ||   405

Table legend:
 A = Non-vault XP
 B = Vault XP
 C = Vault XP percentage of total XP
 D = Non-vault monster count
 E = Vault monster count
 F = Vault count percentage of total count
                 A         B        C        D         E       F
            +---------+---------+-------+---------+---------+-------
      Total |     846 |     148 |  14.9 |      82 |       6 |   6.8
            +---------+---------+-------+---------+---------+-------
        D:1 |      41 |       2 |   4.7 |      25 |       2 |   7.4
        D:2 |      36 |       0 |   0.0 |      15 |       0 |   0.0
        D:3 |      71 |       0 |   0.0 |      18 |       0 |   0.0
        D:4 |     490 |     146 |  23.0 |      12 |       4 |  25.0
        D:5 |     208 |       0 |   0.0 |      12 |       0 |   0.0
            +---------+---------+-------+---------+---------+-------
